[ AOE2 MATCH · #505546331 ]
UnrankedPersians vs Mongols
Player's team · LOSS
Rival team · WIN
[ REPLAY ANALYSIS · EXTRACTED FROM THE RECORDED GAME ]
Feudal
10:06
Castle
24:31
Imperial
37:40
| APM avg | 58.8 |
| APM peak | 112 |
| eAPM avg | 25.4 |
| Villagers / military | 151 / 65 |
Focus
⚔️ 22.9% · 🌾 77.1%
Spearman ×24 · Skirmisher ×24 · Militia ×8 · Scout Cavalry ×5 · Monk ×2 · Trebuchet (Packed) ×2
Feudal
8:51
Castle
21:51
Imperial
34:44
| APM avg | 90.4 |
| APM peak | 188 |
| eAPM avg | 55.6 |
| Villagers / military | 118 / 86 |
Focus
⚔️ 81.2% · 🌾 18.8%
Mangudai ×39 · Scout Cavalry ×37 · Trebuchet (Packed) ×5 · Monk ×3 · Spearman ×2
Match map
Initial resources + every placement click. Lines = walls · curves = elevation contours. ◆ gold · ⬟ stone · ● berries · ✦ relic · ◌ wall gap
Your base· ✓ Closed at 24:31 · 65t walls · 4 gate(s)
LimaPeru's base· ✓ Closed at 21:51 · 46t walls · 2 gate(s)
Smoothed initial terrain · ◌ = detected wall gap · hover for details
Inputs per minute
— pablo.isaza - - LimaPeru
Build order — pablo.isaza
First 150 of 421 actions detected
| 0:01 | Queue | Villager (Male) |
| 0:01 | Queue | Villager (Male) |
| 0:02 | Build | House |
| 0:03 | Build | House |
| 0:12 | Queue | Villager (Male) |
| 0:23 | Queue | Villager (Male) |
| 0:28 | Queue | Villager (Male) |
| 1:22 | Queue | Villager (Male) |
| 1:22 | Queue | Villager (Male) |
| 1:22 | Queue | Villager (Male) |
| 2:00 | Build | Lumber Camp |
| 2:03 | Queue | Villager (Male) |
| 2:03 | Queue | Villager (Male) |
| 2:24 | Queue | Villager (Male) |
| 2:25 | Queue | Villager (Male) |
| 3:08 | Queue | Villager (Male) |
| 3:09 | Queue | Villager (Male) |
| 3:30 | Queue | Villager (Male) |
| 3:30 | Queue | Villager (Male) |
| 3:55 | Build | House |
| 4:05 | Build | Barracks |
| 4:15 | Queue | Villager (Male) |
| 4:16 | Queue | Villager (Male) |
| 4:36 | Queue | Villager (Male) |
| 4:37 | Queue | Villager (Male) |
| 4:44 | Queue | Villager (Male) |
| 5:00 | Build | House |
| 5:06 | Queue | Villager (Male) |
| 5:11 | Queue | Militia |
| 5:11 | Queue | Militia |
| 5:16 | Queue | Militia |
| 5:20 | Queue | Villager (Male) |
| 5:43 | Queue | Militia |
| 6:15 | Build | Mill |
| 6:23 | Research | Loom |
| 8:02 | Research | Feudal Age |
| 9:17 | Queue | Villager (Male) |
| 9:39 | Build | Mill |
| 10:06 | Age | Feudal Age |
| 10:11 | Build | Stable |
| 10:13 | Queue | Villager (Male) |
| 10:33 | Build | Palisade Wall |
| 10:38 | Build | Palisade Wall |
| 10:43 | Build | Palisade Wall |
| 10:44 | Build | Palisade Wall |
| 10:51 | Queue | Villager (Male) |
| 10:55 | Queue | Scout Cavalry |
| 10:55 | Queue | Scout Cavalry |
| 11:02 | Build | House |
| 11:22 | Queue | Villager (Male) |
| 11:28 | Build | Palisade Gate |
| 11:38 | Build | Farm |
| 11:40 | Queue | Villager (Male) |
| 11:47 | Queue | Villager (Male) |
| 11:49 | Build | Farm |
| 11:49 | Queue | Villager (Male) |
| 11:51 | Build | Farm |
| 11:51 | Queue | Villager (Male) |
| 12:25 | Queue | Scout Cavalry |
| 12:31 | Build | Palisade Wall |
| 12:38 | Queue | Spearman |
| 12:41 | Build | Farm |
| 12:42 | Build | Farm |
| 12:42 | Build | Farm |
| 12:51 | Queue | Villager (Male) |
| 12:59 | Queue | Spearman |
| 13:18 | Build | Farm |
| 13:43 | Queue | Villager (Male) |
| 14:04 | Queue | Villager (Male) |
| 14:20 | Build | House |
| 14:23 | Build | House |
| 14:26 | Build | Farm |
| 14:34 | Build | House |
| 14:35 | Build | Palisade Wall |
| 14:55 | Build | House |
| 14:58 | Build | House |
| 15:03 | Queue | Villager (Male) |
| 15:05 | Build | Palisade Wall |
| 15:10 | Queue | Villager (Male) |
| 15:15 | Queue | Villager (Male) |
| 15:18 | Build | Palisade Gate |
| 15:28 | Build | Farm |
| 15:30 | Build | Farm |
| 15:30 | Build | Farm |
| 15:30 | Build | Farm |
| 15:31 | Build | Farm |
| 15:54 | Build | Farm |
| 16:00 | Queue | Spearman |
| 16:04 | Build | Palisade Wall |
| 16:16 | Queue | Villager (Male) |
| 16:21 | Queue | Villager (Male) |
| 16:29 | Queue | Villager (Male) |
| 16:32 | Queue | Villager (Male) |
| 16:37 | Build | House |
| 16:47 | Queue | Villager (Male) |
| 16:51 | Build | Mining Camp |
| 16:59 | Build | House |
| 17:10 | Queue | Spearman |
| 17:23 | Queue | Villager (Male) |
| 17:29 | Queue | Villager (Male) |
| 17:34 | Queue | Spearman |
| 17:43 | Build | Palisade Wall |
| 17:44 | Queue | Villager (Male) |
| 17:49 | Queue | Villager (Male) |
| 17:50 | Build | Farm |
| 17:51 | Build | Farm |
| 17:51 | Build | Farm |
| 17:51 | Queue | Villager (Male) |
| 18:10 | Build | House |
| 18:16 | Build | Palisade Wall |
| 18:20 | Queue | Villager (Male) |
| 18:22 | Queue | Villager (Male) |
| 18:24 | Build | House |
| 18:25 | Build | House |
| 18:28 | Build | House |
| 18:30 | Queue | Villager (Male) |
| 18:37 | Build | Farm |
| 18:37 | Build | Farm |
| 19:04 | Build | Palisade Wall |
| 19:29 | Build | House |
| 19:30 | Build | House |
| 19:36 | Build | Palisade Gate |
| 20:04 | Build | House |
| 20:14 | Build | House |
| 20:21 | Build | Farm |
| 20:21 | Build | Farm |
| 20:22 | Build | Farm |
| 20:25 | Build | Mining Camp |
| 20:28 | Queue | Villager (Male) |
| 21:04 | Build | Market |
| 21:07 | Queue | Villager (Male) |
| 21:21 | Build | Blacksmith |
| 21:37 | Build | Palisade Wall |
| 21:46 | Build | Farm |
| 22:06 | Research | Castle Age |
| 22:06 | Research | Castle Age |
| 22:14 | Build | Palisade Gate |
| 22:21 | Build | House |
| 23:02 | Build | Palisade Wall |
| 23:15 | Build | Palisade Wall |
| 23:30 | Build | Lumber Camp |
| 23:36 | Research | Double-Bit Axe |
| 23:48 | Queue | Villager (Male) |
| 23:55 | Build | House |
| 23:55 | Build | House |
| 24:12 | Queue | Villager (Male) |
| 24:31 | Age | Castle Age |
| 24:47 | Build | Castle |
| 24:51 | Build | Palisade Wall |
| 25:01 | Queue | Villager (Male) |
Build order — LimaPeru
First 150 of 316 actions detected
| 0:00 | Queue | Villager (Male) ×4 |
| 0:02 | Build | House |
| 0:03 | Build | House |
| 1:28 | Queue | Villager (Male) |
| 1:54 | Queue | Villager (Male) |
| 2:15 | Queue | Villager (Male) |
| 2:46 | Queue | Villager (Male) |
| 3:21 | Queue | Villager (Male) |
| 3:22 | Queue | Villager (Male) |
| 3:24 | Queue | Villager (Male) |
| 3:25 | Queue | Villager (Male) |
| 3:43 | Build | House |
| 3:48 | Build | Mill |
| 4:52 | Queue | Villager (Male) |
| 5:09 | Queue | Villager (Male) |
| 5:35 | Build | Lumber Camp |
| 5:47 | Queue | Villager (Male) |
| 5:49 | Research | Loom |
| 6:27 | Research | Feudal Age |
| 7:54 | Build | House |
| 8:17 | Build | Barracks |
| 8:51 | Age | Feudal Age |
| 8:56 | Queue | Villager (Male) |
| 8:58 | Queue | Villager (Male) |
| 9:21 | Queue | Villager (Male) |
| 9:43 | Build | Stable |
| 9:48 | Queue | Villager (Male) |
| 10:18 | Queue | Scout Cavalry |
| 10:18 | Queue | Scout Cavalry |
| 10:19 | Queue | Villager (Male) |
| 10:21 | Build | House |
| 10:26 | Research | Double-Bit Axe |
| 10:40 | Queue | Villager (Male) |
| 10:53 | Queue | Scout Cavalry |
| 10:58 | Build | Farm |
| 11:16 | Queue | Villager (Male) |
| 11:18 | Queue | Scout Cavalry |
| 11:23 | Build | Farm |
| 11:25 | Build | Farm |
| 11:38 | Queue | Spearman |
| 11:42 | Queue | Scout Cavalry |
| 11:46 | Queue | Villager (Male) |
| 11:49 | Build | Farm |
| 11:53 | Build | House |
| 12:10 | Build | House |
| 12:12 | Build | Palisade Wall |
| 12:15 | Build | Palisade Gate |
| 12:17 | Build | Palisade Wall |
| 12:19 | Queue | Villager (Male) |
| 12:25 | Research | Wheelbarrow |
| 12:44 | Queue | Scout Cavalry |
| 12:47 | Build | Farm |
| 12:55 | Queue | Villager (Male) |
| 13:17 | Queue | Scout Cavalry |
| 13:43 | Queue | Villager (Male) |
| 14:00 | Queue | Villager (Male) |
| 14:04 | Build | Farm |
| 14:05 | Build | Farm |
| 14:05 | Build | Farm |
| 14:06 | Build | Farm |
| 14:06 | Build | Farm |
| 14:06 | Build | Farm |
| 14:16 | Queue | Spearman |
| 14:22 | Build | House |
| 14:35 | Queue | Scout Cavalry |
| 14:44 | Build | Farm |
| 14:58 | Build | Palisade Wall |
| 15:06 | Build | Palisade Wall |
| 15:11 | Build | Palisade Wall |
| 15:20 | Queue | Villager (Male) |
| 15:20 | Queue | Villager (Male) |
| 15:25 | Build | Palisade Gate |
| 15:28 | Build | Palisade Wall |
| 15:36 | Queue | Villager (Male) |
| 16:01 | Build | Market |
| 16:04 | Queue | Villager (Male) |
| 16:12 | Build | Farm |
| 16:14 | Build | Farm |
| 16:23 | Build | Mining Camp |
| 16:27 | Build | Mining Camp |
| 16:43 | Queue | Villager (Male) |
| 17:26 | Build | House |
| 17:27 | Queue | Villager (Male) |
| 17:46 | Build | Palisade Wall |
| 17:50 | Queue | Villager (Male) |
| 18:00 | Build | Blacksmith |
| 18:12 | Queue | Villager (Male) |
| 18:15 | Build | Palisade Wall |
| 18:45 | Build | House |
| 18:46 | Queue | Villager (Male) |
| 18:49 | Build | Palisade Wall |
| 19:05 | Research | Castle Age |
| 19:12 | Research | Horse Collar |
| 19:21 | Build | Archery Range |
| 20:15 | Research | Gold Mining |
| 21:47 | Queue | Villager (Male) |
| 21:48 | Queue | Villager (Male) |
| 21:51 | Age | Castle Age |
| 21:52 | Build | Town Center |
| 21:58 | Build | Town Center |
| 21:59 | Queue | Villager (Male) |
| 22:01 | Research | Bow Saw |
| 22:05 | Research | Heavy Plow |
| 22:24 | Research | Gold Shaft Mining |
| 22:50 | Queue | Villager (Male) |
| 22:57 | Research | Hand Cart |
| 23:04 | Queue | Villager (Male) |
| 23:05 | Queue | Villager (Male) |
| 23:17 | Queue | Villager (Male) |
| 23:18 | Queue | Villager (Male) |
| 23:38 | Queue | Villager (Male) |
| 23:38 | Queue | Villager (Male) |
| 23:39 | Queue | Villager (Male) |
| 23:47 | Build | Farm |
| 24:01 | Queue | Villager (Male) |
| 24:07 | Build | Farm |
| 24:08 | Build | Farm |
| 24:10 | Build | Farm |
| 24:12 | Build | Farm |
| 24:12 | Queue | Villager (Male) |
| 24:21 | Queue | Villager (Male) |
| 24:23 | Build | Farm |
| 24:24 | Build | Farm |
| 24:26 | Build | Farm |
| 24:33 | Build | Farm |
| 24:47 | Build | Farm |
| 24:56 | Queue | Villager (Male) |
| 24:57 | Queue | Villager (Male) |
| 24:57 | Queue | Villager (Male) |
| 25:02 | Build | Mining Camp |
| 25:07 | Research | Stone Mining |
| 25:17 | Queue | Villager (Male) |
| 25:23 | Queue | Villager (Male) |
| 25:23 | Queue | Villager (Male) |
| 25:29 | Build | House |
| 25:30 | Build | House |
| 25:37 | Build | Monastery |
| 25:43 | Queue | Villager (Male) |
| 25:47 | Research | Light Cavalry (upgrade) |
| 25:48 | Queue | Villager (Male) |
| 25:48 | Queue | Villager (Male) |
| 25:55 | Build | House |
| 25:56 | Build | House |
| 26:01 | Research | Town Watch |
| 26:10 | Build | House |
| 26:11 | Build | House |
| 26:12 | Build | House |
| 26:12 | Build | House |
| 26:17 | Queue | Monk |
| 26:18 | Queue | Villager (Male) |
Match timeline
| 4:05 | pablo.isaza · first_building Barracks |
| 8:17 | LimaPeru · first_building Barracks |
| 8:51 | LimaPeru · age_up feudal |
| 9:43 | LimaPeru · first_building Stable |
| 10:06 | pablo.isaza · age_up feudal |
| 10:11 | pablo.isaza · first_building Stable |
| 10:33 | pablo.isaza · wall_segment Palisade Wall x9 |
| 10:38 | pablo.isaza · wall_segment Palisade Wall x1 |
| 10:43 | pablo.isaza · wall_segment Palisade Wall x2 |
| 10:44 | pablo.isaza · wall_segment Palisade Wall x6 |
| 12:12 | LimaPeru · wall_segment Palisade Wall x1 |
| 12:17 | LimaPeru · wall_segment Palisade Wall x5 |
| 12:31 | pablo.isaza · wall_segment Palisade Wall x13 |
| 14:35 | pablo.isaza · wall_segment Palisade Wall x5 |
| 14:58 | LimaPeru · wall_segment Palisade Wall x19 |
| 15:05 | pablo.isaza · wall_segment Palisade Wall x1 |
| 15:06 | LimaPeru · wall_segment Palisade Wall x1 |
| 15:11 | LimaPeru · wall_segment Palisade Wall x1 |
| 15:28 | LimaPeru · wall_segment Palisade Wall x11 |
| 16:04 | pablo.isaza · wall_segment Palisade Wall x4 |
| 17:43 | pablo.isaza · wall_segment Palisade Wall x1 |
| 17:46 | LimaPeru · wall_segment Palisade Wall x5 |
| 18:15 | LimaPeru · wall_segment Palisade Wall x3 |
| 18:16 | pablo.isaza · wall_segment Palisade Wall x1 |
| 18:49 | LimaPeru · wall_segment Palisade Wall x1 |
| 19:04 | pablo.isaza · wall_segment Palisade Wall x7 |
| 19:09 | LimaPeru · first_market_buy 100 food |
| 19:21 | LimaPeru · first_building Archery Range |
| 21:37 | pablo.isaza · wall_segment Palisade Wall x8 |
| 21:51 | LimaPeru · age_up castle |
| 23:02 | pablo.isaza · wall_segment Palisade Wall x6 |
| 23:15 | pablo.isaza · wall_segment Palisade Wall x3 |
| 23:34 | pablo.isaza · first_market_buy 100 wood |
| 24:31 | pablo.isaza · age_up castle |
| 24:47 | pablo.isaza · first_building Castle |
| 24:51 | pablo.isaza · wall_segment Palisade Wall x1 |
| 25:37 | LimaPeru · first_building Monastery |
| 26:15 | pablo.isaza · first_building Monastery |
| 30:54 | LimaPeru · first_building Castle |
| 34:44 | LimaPeru · age_up imperial |
| 35:13 | LimaPeru · first_market_sell 100 wood |
| 37:11 | pablo.isaza · first_building Archery Range |
| 37:40 | pablo.isaza · age_up imperial |
| 42:36 | pablo.isaza · resign |
[ AI ANALYSIS · 1 CREDIT ]
What really happened in this match?
Wolo.gg analyzes every decision: build order, eco, micro, common mistakes by bracket. Personalized analysis on WhatsApp or Discord in 30 seconds.
Civ guide
Persians
Perfil
Jugador #5357515